 Dungeon Crawl Stone Soup version 0.31-a0-182-gc5ef74bbde (webtiles) character file.

Game seed: 18058598907905638904

3788 qw the Cleaver (level 10, 0/65 HPs)
             Began as a Gargoyle Fighter on June 20, 2023.
             Was an Initiate of Okawaru.
             Slain by a vampire mosquito (7 damage)
             ... on level 8 of the Dungeon.
             The game lasted 00:03:43 (6935 turns).

qw the Cleaver (Gargoyle Fighter)                   Turns: 6935, Time: 00:03:43

Health: 0/65       AC: 25    Str: 23    XL:     10   Next: 16%
Magic:  10/10      EV:  8    Int: 10    God:    Okawaru [......]
Gold:   456        SH:  4    Dex:  9    Spells: 9/9 levels left

rFire   . . .        a - +2 war axe (spect)
rCold   + . .        c - +0 buckler
rNeg    + . .        j - +0 chain mail
rPois   inf          q - +2 helmet
rElec   +            (no cloak)
rCorr   +            s - +2 pair of gloves
SInv    .            u - +0 pair of boots
Will    .....        (no amulet) Stlth
                     l - ring of protection from cold
HPRegen 0.30/turn    o - ring of resist corrosion
MPRegen 0.12/turn

%: no passive effects
@: no status effects
A: sickness immunity, AC +7, negative energy resistance 1, electricity
resistance, torment resistance 1, petrification resistance
a: Renounce Religion


You were on level 8 of the Dungeon.
You worshipped Okawaru.
Okawaru was noncommittal.
You visited 2 branches of the dungeon, and saw 9 of its levels.
You also visited: Sewer.

You collected 456 gold pieces.


Innate Abilities, Weirdness & Mutations

You are immune to sickness and miasma.
Your stone body is resilient. (AC +7)
You are immune to poison.
You resist negative energy. (rN+)
You are resistant to electric shocks. (rElec)
You are resistant to unholy torment.
You are immune to petrification.


   Skills:
 - Level 8.7 Fighting
 + Level 10.0 Axes
 - Level 6.1 Armour
 - Level 1.3 Dodging
 - Level 5.0 Shields


You had 9 spell levels left.
You didn't know any spells.
Your spell library was empty.

Inventory:

Hand Weapons
 a - a +2 spectral war axe (weapon)
 p - a +0 flail
 t - a +2 flail of draining
Armour
 c - a +0 buckler (worn)
 j - a +0 chain mail (worn)
 n - a +0 kite shield
 q - a +2 helmet (worn)
 s - a +2 pair of gloves (worn)
 u - a +0 pair of boots (worn)
Jewellery
 l - a ring of protection from cold (left hand)
 o - a ring of resist corrosion (right hand)
 r - a ring of positive energy
Scrolls
 e - a scroll of summoning {unknown}
 f - 2 scrolls of identify
Potions
 d - 2 potions of might
 g - 2 potions of enlightenment
 h - a potion of haste
 i - 2 potions of lignification
 k - a potion of invisibility {unknown}
 m - a potion of resistance

Dungeon Overview and Level Annotations

Branches:
Dungeon (8/15)             Temple (1/1) D:7           Sewer (visited)
   Lair: D:8-11

Altars:
Ashenzari
Cheibriados
Dithmenos
Fedhas
Gozag
Hepliaklqana
Kikubaaqudgha
Makhleb
Nemelex Xobeh
Okawaru
Qazlal
Ru
Sif Muna
Trog
Uskayaw
Vehumet
Wu Jian
Zin

Annotations:
D:5 1 runed translucent door, Crazy Yiuf
D:8 exclusion: 3 lindwurms


Message History

Something hits you but does no damage.
Deactivating autopickup; reactivate with Ctrl-A.
Autopickup is now on.
The vampire mosquito bites you.
The vampire mosquito bites you but does no damage.
The vampire mosquito bites you. The orc hits you with a +0 mace.
The vampire mosquito bites you but does no damage.
Something hits you but does no damage.
Deactivating autopickup; reactivate with Ctrl-A.
Autopickup is now on.
The vampire mosquito barely misses you.
The vampire mosquito bites you but does no damage.
The orc hits you but does no damage.
The vampire mosquito bites you but does no damage.
The vampire mosquito barely misses you.
You hear some strange, mumbled words.
A puff of flame appears from out of thin air!
Deactivating autopickup; reactivate with Ctrl-A.
The puff of flame hits you but does no damage.
Autopickup is now on.
The vampire mosquito bites you but does no damage. x2
The orc barely misses you. The vampire mosquito misses you.
The vampire mosquito bites you but does no damage.
Something hits you but does no damage.
Deactivating autopickup; reactivate with Ctrl-A.
Autopickup is now on.
You feel less confused.
You block the vampire mosquito's attack.
The vampire mosquito barely misses you. The orc hits you but does no damage.
The vampire mosquito bites you.
The vampire mosquito bites you but does no damage.
Something hits you but does no damage.
Deactivating autopickup; reactivate with Ctrl-A.
Autopickup is now on.
6935 ||| UPGRADING to +0 kite shield.
The vampire mosquito bites you but does no damage.
You stop removing your armour.
The vampire mosquito bites you but does no damage.
The orc hits you but does no damage. The vampire mosquito bites you!
You die...

........#############
........#...#.......#
...######...#.......#
...#........#.......#
..)#........'.......#
...#...######)......#
...##..#...))%......#
#'###..#............#
#...#..#..)....y@####.#
#...#..#.......yo{....#
#...#.........~~o.¤......
#..###....¤~~¤¤~~¤~......
#..#....~¤~~~¤~¤¤¤¤~~:...
#..#....~¤¤~~¤¤¤~~¤~¤~¤..
#..'...~~¤¤¤¤~~¤¤~~~¤¤~¤.
#..#...~~~¤¤¤..kk~~~¤~¤.¤
#..#..~~~~¤¤¤.##...¤¤~¤~.


You could see 2 vampire mosquitoes and 2 orcs.

Vanquished Creatures
  Joseph (D:8)
  A troll (D:6)
  Grinder (D:4)
  Sigmund (D:5)
  A shadow (D:8)
  A steam dragon (D:8)
  3 vampire mosquitoes (D:6)
  Edmund (D:6)
  A water moccasin (D:6)
  Pargi (Sewer)
  An ice beast (D:5)
  2 black bears
  A phantom (D:6)
  4 kobold brigands
  A gnoll sergeant (D:8)
  Blork the orc (D:3)
  4 scorpions
  3 howler monkeys (D:8)
  A hound (D:6)
  4 jellies
  2 orc priests
  4 iguanas
  2 sleepcaps (D:5)
  Natasha (D:4)
  4 gnolls
  12 adders
  9 river rats
  5 white imps
  An ufetubus (D:7)
  6 worms
  2 dart slugs (D:3)
  8 orcs
  4 ball pythons
  4 bats
  10 endoplasms
  10 giant cockroaches
  8 goblins
  7 hobgoblins
  4 jackals (D:1)
  26 kobolds
  8 quokkas
  8 frilled lizards
  20 rats
  A butterfly (D:7)
200 creatures vanquished.

Vanquished Creatures (others)
  A spectral weapon (D:8)
1 creature vanquished.

Grand Total: 201 creatures vanquished

Notes
Turn   | Place    | Note
-------+----------+-------------------------------------------
     0 | D:1      | qw the Gargoyle Fighter began the quest for the Orb.
     0 | D:1      | Reached XP level 1. HP: 14/14 MP: 1/1
     0 | D:1      | 0 ||| qw: Version: 0.3-a-9-g12657ce
     0 | D:1      | 0 ||| qw: Game counter: 1261
     0 | D:1      | 0 ||| qw: Always use a shield: true
     0 | D:1      | 0 ||| qw: God list: Okawaru
     0 | D:1      | 0 ||| qw: Allow faded altars: false
     0 | D:1      | 0 ||| qw: Do Orc after D:15 true
     0 | D:1      | 0 ||| qw: Do second Lair branch before Depths: true
     0 | D:1      | 0 ||| qw: Lair rune preference: random
     0 | D:1      | 0 ||| qw: Plans: Normal, Zot:1-4, Slime:5, God:TSO, Crypt,
                  | Tomb, Abyss, Pan, Hells, Win
     0 | D:1      | 0 ||| PLANNING D:1-11
    47 | D:1      | Reached skill level 2 in Axes
   109 | D:1      | Reached XP level 2. HP: 15/19 MP: 2/2
   297 | D:1      | 297 ||| Stepping ~*~*~tactically~*~*~ (stealth).
   298 | D:1      | 298 ||| Stepping ~*~*~tactically~*~*~ (stealth).
   328 | D:1      | Reached skill level 3 in Axes
   420 | D:1      | Reached XP level 3. HP: 23/23 MP: 3/3
   907 | D:1      | 907 ||| UPGRADING to ring of protection from cold.
   908 | D:1      | 908 ||| READING scroll labelled CUASETZ FOSEPS.
   909 | D:1      | 909 ||| READING 2 scrolls labelled YTHREM QEIJ.
   910 | D:1      | 910 ||| READING scroll labelled QAGUOK KAH AMP.
   911 | D:1      | 911 ||| READING scroll labelled QICKIPNEC MEO.
   912 | D:1      | 912 ||| READING scroll labelled DAX RELUTHOCH.
   960 | D:2      | 960 ||| Stepping ~*~*~tactically~*~*~ (hiding).
   961 | D:2      | 961 ||| Stepping ~*~*~tactically~*~*~ (hiding).
   963 | D:2      | 963 ||| Stepping ~*~*~tactically~*~*~ (stealth).
   979 | D:2      | 979 ||| Stepping ~*~*~tactically~*~*~ (stealth).
  1089 | D:2      | Reached XP level 4. HP: 27/28 MP: 4/4
  1154 | D:2      | Reached skill level 4 in Axes
  1158 | D:2      | 1158 ||| Stepping ~*~*~tactically~*~*~ (stealth).
  1452 | D:2      | 1452 ||| UPGRADING to ring of resist corrosion.
  1453 | D:2      | 1453 ||| READING 2 scrolls labelled QIRHOT ENAWOU.
  1454 | D:2      | 1454 ||| READING scroll labelled NEPOONTESCH.
  1455 | D:2      | 1455 ||| READING scroll labelled GICOETW ASKAQA.
  1456 | D:2      | 1456 ||| READING scroll labelled TOMMAA QU QIC.
  1474 | D:2      | 1474 ||| READING scroll labelled DEPLIR JAOSU.
  1475 | D:2      | 1475 ||| READING 2 scrolls of identify.
  1475 | D:2      | 1475 ||| IDENTIFYING sedimented dark potion
  1476 | D:2      | 1476 ||| DROPPING potion of ambrosia.
  1600 | D:3      | 1600 ||| READING scroll of enchant weapon.
  1600 | D:3      | 1600 ||| ENCHANTING +0 spectral war axe.
  1647 | D:3      | Reached XP level 5. HP: 32/32 MP: 5/5
  1664 | D:3      | Found a faded altar of an unknown god.
  1785 | D:3      | Found a snail-covered altar of Cheibriados.
  1923 | D:3      | Reached skill level 5 in Axes
  2116 | D:3      | 2116 ||| DROPPING +0 whip.
  2130 | D:3      | Found a stormy altar of Qazlal.
  2284 | D:3      | 2284 ||| UPGRADING to +0 chain mail.
  2294 | D:3      | 2294 ||| DROPPING +0 scale mail.
  2295 | D:3      | 2295 ||| DRINKING 3 fizzy brown potions.
  2338 | D:4      | Noticed Blork the orc
  2341 | D:4      | 2341 ||| STAIRDANCE
  2347 | D:3      | Killed Blork the orc
  2348 | D:3      | Reached XP level 6. HP: 14/39 MP: 6/6
  2609 | D:4      | Noticed a black bear
  2619 | D:4      | Killed a black bear
  2742 | D:4      | Reached skill level 6 in Axes
  3025 | D:4      | Noticed Natasha
  3031 | D:4      | Killed Natasha
  3032 | D:4      | Reached skill level 1 in Dodging
  3032 | D:4      | Reached XP level 7. HP: 31/44 MP: 7/7
  3268 | D:4      | Noticed Grinder
  3269 | D:4      | Paralysed by Grinder for 2 turns
  3277 | D:4      | Killed Grinder
  3451 | D:4      | 3451 ||| UPGRADING to +0 helmet.
  3456 | D:4      | 3456 ||| READING scroll of enchant armour.
  3456 | D:4      | 3456 ||| ENCHANTING +0 helmet.
  3457 | D:4      | 3457 ||| DRINKING 2 bubbling inky potions.
  3529 | D:5      | Entered Level 5 of the Dungeon
  3530 | D:5      | 3530 ||| PLANNING SEWER
  3542 | D:5      | 3542 ||| DROPPING +1 whip of freezing.
  3552 | D:5      | Reached skill level 7 in Axes
  3558 | D:5      | 3558 ||| DROPPING +0 mace.
  3650 | D:5      | Reached XP level 8. HP: 50/50 MP: 8/8
  3881 | D:5      | 3881 ||| Stepping ~*~*~tactically~*~*~ (hiding).
  4020 | D:5      | Found a glowing drain.
  4021 | D:5      | 4021 ||| READING scroll labelled MYMPEH OMETIAL.
  4028 | Sewer    | Entered a sewer
  4049 | Sewer    | 4049 ||| READING scroll of enchant weapon.
  4049 | Sewer    | 4049 ||| ENCHANTING +1 spectral war axe.
  4061 | Sewer    | Noticed Pargi
  4064 | Sewer    | Killed Pargi
  4144 | Sewer    | 4144 ||| DRINKING 2 metallic blue potions.
  4158 | D:5      | 4158 ||| PLANNING D:1-11
  4172 | D:5      | Reached skill level 8 in Axes
  4210 | D:5      | Reached skill level 6 in Fighting
  4316 | D:5      | Noticed Sigmund
  4321 | D:5      | Killed Sigmund
  4353 | D:5      | Found a runed translucent door.
  4354 | D:5      | Noticed Crazy Yiuf
  4526 | D:5      | 4526 ||| READING scroll labelled FIOCEQAALL.
  4527 | D:5      | 4527 ||| DRINKING 2 lumpy green potions.
  4528 | D:5      | 4528 ||| DRINKING 2 fuming brown potions.
  4529 | D:5      | 4529 ||| DROPPING potion of degeneration.
  4632 | D:6      | Noticed Edmund
  4635 | D:6      | Reached XP level 9. HP: 40/55 MP: 9/9
  4637 | D:6      | Reached skill level 9 in Axes
  4642 | D:6      | Noticed a troll
  4643 | D:6      | Killed Edmund
  4654 | D:6      | Killed a troll
  4685 | D:6      | 4685 ||| FLEEEEING.
  4686 | D:6      | 4686 ||| FLEEEEING.
  4687 | D:6      | 4687 ||| FLEEEEING.
  4688 | D:6      | 4688 ||| FLEEEEING.
  4689 | D:6      | 4689 ||| FLEEEEING.
  4690 | D:6      | 4690 ||| FLEEEEING.
  4691 | D:6      | 4691 ||| FLEEEEING.
  4693 | D:6      | 4693 ||| FLEEEEING.
  4695 | D:6      | 4695 ||| FLEEEEING.
  4697 | D:6      | 4697 ||| FLEEEEING.
  4699 | D:6      | 4699 ||| FLEEEEING.
  4701 | D:6      | 4701 ||| FLEEEEING.
  4702 | D:6      | 4702 ||| FLEEEEING.
  4703 | D:6      | 4703 ||| FLEEEEING.
  4704 | D:6      | 4704 ||| FLEEEEING.
  4705 | D:6      | 4705 ||| FLEEEEING.
  4706 | D:6      | 4706 ||| FLEEEEING.
  4707 | D:6      | 4707 ||| FLEEEEING.
  4708 | D:6      | 4708 ||| FLEEEEING.
  4709 | D:6      | 4709 ||| FLEEEEING.
  4710 | D:6      | 4710 ||| FLEEEEING.
  4711 | D:6      | 4711 ||| FLEEEEING.
  4712 | D:6      | 4712 ||| FLEEEEING.
  4713 | D:6      | 4713 ||| FLEEEEING.
  4714 | D:6      | 4714 ||| FLEEEEING.
  4715 | D:6      | 4715 ||| FLEEEEING.
  4716 | D:6      | 4716 ||| FLEEEEING.
  4717 | D:6      | 4717 ||| FLEEEEING.
  4718 | D:6      | 4718 ||| STAIRDANCE
  4811 | D:5      | 4811 ||| UPGRADING to +2 pair of gloves.
  4928 | D:6      | 4928 ||| Stepping ~*~*~tactically~*~*~ (stealth).
  4932 | D:6      | 4932 ||| Stepping ~*~*~tactically~*~*~ (hiding).
  5115 | D:6      | 5115 ||| READING scroll of enchant armour.
  5115 | D:6      | 5115 ||| ENCHANTING +1 helmet.
  5191 | D:6      | 5191 ||| Stepping ~*~*~tactically~*~*~ (stealth).
  5192 | D:6      | 5192 ||| Stepping ~*~*~tactically~*~*~ (stealth).
  5466 | D:6      | 5466 ||| Stepping ~*~*~tactically~*~*~ (stealth).
  5535 | D:6      | 5535 ||| Stepping ~*~*~tactically~*~*~ (stealth).
  5536 | D:6      | 5536 ||| Stepping ~*~*~tactically~*~*~ (stealth).
  5615 | D:6      | 5615 ||| Stepping ~*~*~tactically~*~*~ (stealth).
  5796 | D:6      | 5796 ||| UPGRADING to +0 pair of boots.
  5801 | D:6      | 5801 ||| DROPPING scarf of shadows.
  5802 | D:6      | 5802 ||| READING 2 scrolls of identify.
  5802 | D:6      | 5802 ||| IDENTIFYING blue potion
  6018 | D:7      | Reached skill level 10 in Axes
  6092 | D:7      | Found a staircase to the Ecumenical Temple.
  6093 | D:7      | 6093 ||| PLANNING TEMPLE
  6093 | D:7      | 6093 ||| READING scroll labelled ESKAAG WOAXT.
  6094 | D:7      | 6094 ||| READING 2 scrolls of identify.
  6094 | D:7      | 6094 ||| IDENTIFYING black potion
  6095 | D:7      | 6095 ||| DROPPING potion of berserk rage.
  6102 | Temple   | Entered the Ecumenical Temple
  6103 | Temple   | 6103 ||| PLANNING OKAWARU WORSHIP
  6259 | Temple   | Became a worshipper of Warmaster Okawaru
  6260 | Temple   | 6260 ||| PLANNING D:1-11
  6426 | D:7      | 6426 ||| DROPPING orb of guile.
  6439 | D:8      | Reached skill level 6 in Armour
  6581 | D:8      | Noticed Joseph
  6596 | D:8      | HP: 8/57 [Joseph/+0 quarterstaff (17)]
  6597 | D:8      | 6597 ||| DRINKING potion of heal wounds.
  6600 | D:8      | Reached XP level 10. HP: 23/64 MP: 10/10
  6600 | D:8      | Killed Joseph
  6832 | D:8      | Noticed a lindwurm
  6833 | D:8      | 6833 ||| UPGRADING to +0 kite shield.
  6836 | D:8      | Noticed a lindwurm
  6836 | D:8      | 6836 ||| UPGRADING to +0 kite shield.
  6840 | D:8      | 6840 ||| UPGRADING to +0 kite shield.
  6845 | D:8      | 6845 ||| UPGRADING to +0 buckler.
  6850 | D:8      | 6850 ||| UPGRADING to +0 kite shield.
  6852 | D:8      | 6852 ||| UPGRADING to +0 kite shield.
  6857 | D:8      | 6857 ||| UPGRADING to +0 buckler.
  6862 | D:8      | 6862 ||| UPGRADING to +0 kite shield.
  6867 | D:8      | 6867 ||| UPGRADING to +0 buckler.
  6872 | D:8      | 6872 ||| UPGRADING to +0 kite shield.
  6877 | D:8      | 6877 ||| UPGRADING to +0 buckler.
  6882 | D:8      | 6882 ||| UPGRADING to +0 kite shield.
  6883 | D:8      | 6883 ||| UPGRADING to +0 kite shield.
  6888 | D:8      | 6888 ||| UPGRADING to +0 buckler.
  6893 | D:8      | 6893 ||| UPGRADING to +0 kite shield.
  6894 | D:8      | 6894 ||| UPGRADING to +0 kite shield.
  6895 | D:8      | 6895 ||| UPGRADING to +0 kite shield.
  6896 | D:8      | 6896 ||| UPGRADING to +0 kite shield.
  6897 | D:8      | 6897 ||| UPGRADING to +0 kite shield.
  6898 | D:8      | 6898 ||| UPGRADING to +0 kite shield.
  6899 | D:8      | 6899 ||| UPGRADING to +0 kite shield.
  6900 | D:8      | 6900 ||| UPGRADING to +0 kite shield.
  6901 | D:8      | 6901 ||| UPGRADING to +0 kite shield.
  6902 | D:8      | 6902 ||| UPGRADING to +0 kite shield.
  6903 | D:8      | 6903 ||| UPGRADING to +0 kite shield.
  6904 | D:8      | 6904 ||| UPGRADING to +0 kite shield.
  6905 | D:8      | 6905 ||| UPGRADING to +0 kite shield.
  6906 | D:8      | 6906 ||| UPGRADING to +0 kite shield.
  6907 | D:8      | 6907 ||| UPGRADING to +0 kite shield.
  6908 | D:8      | 6908 ||| DRINKING potion of curing.
  6908 | D:8      | 6908 ||| (to cure confusion)
  6909 | D:8      | 6909 ||| UPGRADING to +0 kite shield.
  6910 | D:8      | 6910 ||| UPGRADING to +0 kite shield.
  6911 | D:8      | 6911 ||| UPGRADING to +0 kite shield.
  6912 | D:8      | 6912 ||| UPGRADING to +0 kite shield.
  6913 | D:8      | 6913 ||| UPGRADING to +0 kite shield.
  6914 | D:8      | 6914 ||| UPGRADING to +0 kite shield.
  6915 | D:8      | 6915 ||| UPGRADING to +0 kite shield.
  6916 | D:8      | 6916 ||| UPGRADING to +0 kite shield.
  6917 | D:8      | 6917 ||| UPGRADING to +0 kite shield.
  6918 | D:8      | 6918 ||| UPGRADING to +0 kite shield.
  6919 | D:8      | 6919 ||| UPGRADING to +0 kite shield.
  6920 | D:8      | 6920 ||| UPGRADING to +0 kite shield.
  6921 | D:8      | 6921 ||| UPGRADING to +0 kite shield.
  6922 | D:8      | 6922 ||| UPGRADING to +0 kite shield.
  6923 | D:8      | 6923 ||| UPGRADING to +0 kite shield.
  6924 | D:8      | 6924 ||| UPGRADING to +0 kite shield.
  6925 | D:8      | 6925 ||| UPGRADING to +0 kite shield.
  6926 | D:8      | 6926 ||| UPGRADING to +0 kite shield.
  6926 | D:8      | HP: 16/65 [vampire mosquito (1)]
  6927 | D:8      | 6927 ||| UPGRADING to +0 kite shield.
  6931 | D:8      | HP: 15/65 [vampire mosquito (3)]
  6934 | D:8      | HP: 7/65 [vampire mosquito (5)]
  6935 | D:8      | 6935 ||| UPGRADING to +0 kite shield.
  6935 | D:8      | Slain by a vampire mosquito

Levels and vault maps discovered:
D:1:      co_arrival_random_square_maze, layout_basic
D:2:      layout_rooms, minmay_misc_feat_rugged, st_stairs_3,
          minmay_indecisive_spiral
D:3:      layout_basic, cheibriados_altar_1, mainiacjoe_overflow_alcove_2,
          basic_ecumenical_altar
D:4:      layout_cave_pods, uniq_natasha, uniq_grinder, uniq_blork_the_orc
D:5:      layout_basic, portal_sewer_entry_b, minivault_25, uniq_sigmund,
          uniq_crazy_yiuf_cottage
D:6:      lemuel_ratsnest, layout_gridville, minmay_misc_feat_hallway,
          uniq_edmund
D:7:      layout_rooms, minmay_temple_entry_butterflies
D:8:      layout_gridville, tso_oasis_becter, minmay_lindwurm_lava,
          uniq_maurice, uniq_joseph
Temple:   eino_temple_rhombus

Skill      XL: |  1  2  3  4  5  6  7  8  9 10 |
---------------+-------------------------------+-----
Axes           | 2 3 4 5 6 7 8 10 | 10.0
Fighting       | 4 5 6 7 8 |  8.7
Dodging        | 1 |  1.3
Armour         | 4 6 |  6.1
Shields        | 4 5 |  5.0

Action                     |  1- 3 |  4- 6 |  7- 9 | 10-12 || total
---------------------------+-------+-------+-------+-------++-------
  Melee: War axe           |    79 |   109 |   216 |    14 ||   418
    Use: Scroll            |     5 |     7 |     8 |       ||    20
         Potion            |       |     1 |     5 |     1 ||     7
   Stab: Distracted        |       |       |     3 |       ||     3
 Armour: Scale mail        |    35 |    27 |       |       ||    62
         Chain mail        |       |    22 |    78 |   127 ||   227
  Dodge: Dodged            |    19 |    28 |    69 |    63 ||   179
  Block: Buckler           |    18 |    13 |    30 |    27 ||    88

Table legend:
 A = Non-vault XP
 B = Vault XP
 C = Vault XP percentage of total XP
 D = Non-vault monster count
 E = Vault monster count
 F = Vault count percentage of total count
                 A         B        C        D         E       F
            +---------+---------+-------+---------+---------+-------
      Total |    3407 |    2005 |  37.0 |     138 |      61 |  30.7
            +---------+---------+-------+---------+---------+-------
        D:1 |      58 |       0 |   0.0 |      26 |       0 |   0.0
        D:2 |      69 |      16 |  18.8 |      18 |       7 |  28.0
        D:3 |      98 |      90 |  47.9 |      14 |       1 |   6.7
        D:4 |     299 |     321 |  51.8 |      16 |       2 |  11.1
        D:5 |     625 |     233 |  27.2 |      22 |       7 |  24.1
        D:6 |    1204 |     655 |  35.2 |      21 |      35 |  62.5
        D:7 |     237 |       0 |   0.0 |       6 |       0 |   0.0
        D:8 |     817 |     455 |  35.8 |      15 |       1 |   6.2
      Sewer |       0 |     235 | 100.0 |       0 |       8 | 100.0
            +---------+---------+-------+---------+---------+-------
